 Dungeon Crawl Stone Soup version 0.26-a0-651-gb41185065b (webtiles) character file.

Game seed: 1768873214424628822

562 Ozzies the Skirmisher (level 7, -4/48 HPs)
             Began as a Gargoyle Fighter on Oct 3, 2020.
             Slain by an ogre
             ... wielding the cursed +0 dire flail of Avaot {protect, rC+}
              (11 damage)
             ... on level 3 of the Dungeon.
             The game lasted 00:05:06 (3555 turns).

Ozzies the Skirmisher (Gargoyle Fighter)            Turns: 3555, Time: 00:05:07

Health: -4/48      AC: 11    Str: 22    XL:     7   Next: 32%
Magic:  7/7        EV:  7    Int:  8    God:
Gold:   234        SH:  9    Dex:  9    Spells: 6/6 levels left

rFire    . . .     SeeInvis .   a - +0 flail
rCold    . . .     Faith    .   c - +0 kite shield
rNeg     + . .     Spirit   .   b - +0 scale mail
rPois    ∞         Reflect  .   (no helmet)
rElec    +         Harm     .   (no cloak)
rCorr    .         Rampage  .   (no gloves)
MR       .....                  (no boots)
Stlth    ..........             (no amulet)
HPRegen  0.16/turn              (no ring)
MPRegen  0.10/turn              (no ring)

@: no status effects
A: negative energy resistance 1, electricity resistance, unbreathing,
petrification resistance, rot immunity, AC +4
a: no special abilities


You were on level 3 of the Dungeon.
You visited 1 branch of the dungeon, and saw 3 of its levels.
You also visited: Sewer.

You collected 234 gold pieces.

Inventory:

Hand Weapons
 a - a +0 flail (weapon)
Missiles
 x - 15 poisoned darts (quivered)
Armour
 b - a +0 scale mail (worn)
 c - a +0 kite shield (worn)
Jewellery
 m - an uncursed ring of wizardry {unknown}
 p - an uncursed ring of positive energy
 u - an uncursed amulet of magic regeneration {unknown}
Wands
 s - a wand of paralysis (8)
 y - a wand of polymorph (8)
Scrolls
 e - a scroll of amnesia {unknown}
 i - 6 scrolls of identify {unknown}
 j - a scroll of random uselessness {unknown}
 k - 2 scrolls of remove curse {unknown}
 l - 2 scrolls of enchant armour {unknown}
 v - 5 scrolls of teleportation {unknown}
 w - a scroll of magic mapping {unknown}
 B - a scroll of blinking {unknown}
 C - a scroll of fog {unknown}
 D - a scroll of immolation {unknown}
Potions
 d - a potion of might
 f - 3 potions of stabbing {unknown}
 g - 2 potions of magic {unknown}
 h - 2 potions of heal wounds {unknown}
 n - a potion of lignification {unknown}
 o - 2 potions of brilliance {unknown}
 q - 2 potions of mutation {unknown}
 r - a potion of haste {unknown}
 t - a potion of ambrosia {unknown}
 z - a potion of berserk rage {unknown}
 A - a potion of curing {unknown}


   Skills:
 + Level 7.4 Fighting
 + Level 3.0 Maces & Flails
 + Level 4.3 Armour
 + Level 4.5 Shields


You had 6 spell levels left.
You didn't know any spells.
Your spell library was empty.

Dungeon Overview and Level Annotations

Branches:
Dungeon (3/15)              Sewer (visited)

Altars:

Annotations:
D:3 1 transporter, PanSaczeczos's ghost, amateur DrEE


Innate Abilities, Weirdness & Mutations

You are resistant to torment.
Your stone body is resilient. (AC +4)
You are immune to poison.
You resist negative energy. (rN+)
You are resistant to electric shocks. (rElec)
You can survive without breathing.
You are immune to petrification.
You are immune to rotting.


Message History

You hit the ogre.
The ogre is severely wounded.
The ogre hits you with the cursed +0 dire flail of Avaot {protect, rC+}!
You block the ogre's attack.
You hit the ogre but do no damage.
The ogre is severely wounded.
PanSaczeczos's ghost wails, "I have seen your future, and it is all used up."
You block the ogre's attack.
You barely miss the ogre.
The ogre is severely wounded.
The ogre hits you but does no damage. You block the ogre's attack.
The ogre hits you with a +0 giant club! The ogre barely misses you.
You are too injured to fight recklessly!
You are too injured to fight recklessly!
You are too injured to fight recklessly!
The ogre hits you with the cursed +0 dire flail of Avaot {protect, rC+}!
* * * LOW HITPOINT WARNING * * *
There is a transporter landing site here.
The ogre hits you with the cursed +0 dire flail of Avaot {protect, rC+}!
You die...

# # # #########
........#
#######.# #.#
#.#############
#.#.....©O@...#
#.#..##.OO##..#
#.#.#..#W#..#.#
#.#.#..#.#..#.#
#.#..##...##..#
#.#....["....©##
#.##############
#......©.©.....#
#.........######


You could see 3 ogres and PanSaczeczos's ghost.

Vanquished Creatures
  4 big kobolds (Sewer)
  Ijyb (D:3)
  4 river rats (Sewer)
  6 adders
  6 oozes (Sewer)
  An adder zombie (D:1)
  4 worms
  3 dart slugs
  2 leopard geckos (D:3)
  7 orcs (D:3)
  10 bats
  A bat zombie (D:1)
  11 giant cockroaches
  8 goblins
  9 hobgoblins
  3 jackals (D:1)
  11 kobolds
  4 quokkas (D:2)
  3 ball pythons
  6 frilled lizards
  A leopard gecko skeleton (D:3)
  15 rats
120 creatures vanquished.

Notes
Turn   | Place    | Note
-------+----------+-------------------------------------------
     0 | D:1      | Ozzies the Gargoyle Fighter began the quest for the Orb.
     0 | D:1      | Reached XP level 1. HP: 14/14 MP: 1/1
    94 | D:1      | Reached XP level 2. HP: 19/19 MP: 2/2
   304 | D:1      | Reached XP level 3. HP: 22/24 MP: 3/3
   617 | D:1      | Reached skill level 4 in Fighting
  1008 | D:2      | Reached XP level 4. HP: 30/30 MP: 4/4
  1365 | D:3      | Reached skill level 5 in Fighting
  1478 | D:3      | Noticed Ijyb
  1508 | D:3      | Killed Ijyb
  1508 | D:3      | Reached XP level 5. HP: 30/35 MP: 5/5
  1679 | D:3      | Reached skill level 6 in Fighting
  1744 | D:3      | Found a glowing drain.
  1762 | Sewer    | Entered a sewer
  2237 | Sewer    | Noticed a big kobold
  2237 | Sewer    | Noticed a big kobold
  2280 | Sewer    | Killed a big kobold
  2280 | Sewer    | Reached skill level 7 in Fighting
  2280 | Sewer    | Reached XP level 6. HP: 30/44 MP: 6/6
  2690 | Sewer    | Reached XP level 7. HP: 37/48 MP: 7/7
  3530 | D:3      | Found a transporter.
  3531 | D:3      | Noticed PanSaczeczos's ghost (amateur DrEE)
  3533 | D:3      | Identified the cursed +0 dire flail of Avaot {protect, rC+}
  3536 | D:3      | Found a transporter.
  3555 | D:3      | Slain by an ogre

Illustrated notes

Levels and vault maps discovered:
D:1:      saegor_arrival_fortress, layout_basic
D:2:      layout_rooms
D:3:      cheibrodos_helix_gallery, layout_basic, portal_sewer_entry_f,
          gammafunk_ghost_smash, serial_park_tiny_1, minmay_misc_feat_rugged,
          uniq_ijyb

Skill      XL: |  1  2  3  4  5  6  7 |
---------------+----------------------+-----
Fighting       | 4 5 7 |  7.4
Shields        | 4 |  4.5
Armour         | 4 |  4.3
Maces & Flails | 3 |  3.0

Action                   |  1- 3 |  4- 6 |  7- 9 || total
-------------------------+-------+-------+-------++-------
Melee: Flail             |   142 |   355 |   117 ||   614
       Unarmed           |       |    15 |       ||    15
Armor: Scale mail        |    78 |   194 |    67 ||   339
       Skin              |       |     2 |       ||     2
Dodge: Dodged            |    40 |   132 |    24 ||   196
Block: Kite shield       |    77 |   210 |    57 ||   344

Table legend: (Time is in decaauts)
 A = Elapsed time spent in this place.
 B = Non-inter-level travel time spent in this place.
 C = Inter-level travel time spent in this place.
 D = Time resting spent in this place.
 E = Time spent auto-exploring this place.
 F = Levels seen in this place.
 G = Mean time per level.
                   A        B        C        D        E       F      G
               +--------+--------+--------+--------+--------+-----+--------+
         Total |   3913 |   3863 |     50 |      0 |   2495 |   4 |  978.2 |
       Dungeon |   2216 |   2166 |     50 |      0 |   1334 |   3 |  738.7 |
         Sewer |   1697 |   1697 |      0 |      0 |   1160 |   1 | 1697.0 |
               +--------+--------+--------+--------+--------+-----+--------+

Top non-repeatable levels by time:
   Sewer: 1697 daAuts
     D:1: 832 daAuts
     D:3: 806 daAuts
     D:2: 577 daAuts
